 Dungeon Crawl Stone Soup version 0.26-a0-652-gafc20e3620 (webtiles) character file.

Game seed: 14647352062524813447

40487 Baz the Summoner (level 13, -6/63 HPs)
             Began as a Felid Venom Mage on Sept 30, 2020.
             Was a High Priest of Sif Muna.
             Killed from afar by a nagaraja (12 damage)
             ... with a splash of poison
             ... on level 4 of the Snake Pit on Oct 1, 2020.
             The game lasted 02:34:48 (46429 turns).

Baz the Summoner (Felid Venom Mage)                Turns: 46429, Time: 02:34:48

Health: -6/63      AC:  3    Str:  4    XL:     13   Next: 74%
Magic:  15/31      EV: 28    Int: 21    God:    Sif Muna [*****.]
Gold:   2042       SH:  0    Dex: 23    Spells: 0/38 levels left
                                        Lives:  0   Deaths: 4

rFire    . . .     SeeInvis +   (weapon unavailable)
rCold    + . .     Faith    .   (shield unavailable)
rNeg     . . .     Spirit   .   (armour unavailable)
rPois    .         Reflect  .   (helmet unavailable)
rElec    .         Harm     .   (cloak unavailable)
rCorr    .         Rampage  .   (gloves unavailable)
MR       ++...                  (boots unavailable)
Stlth    +++++.....             J - amulet of the acrobat
HPRegen  0.20/turn              m - +6 ring of dexterity
MPRegen  0.22/turn              f - ring of protection from magic

@: lethally poisoned (-6 -> -11), quick
A: very small, no armour, no weapons or thrown items, stealth, claws 1, fangs 3,
see invisible, speed 1, shaggy fur 3, sharp paws
a: Channel Magic, Forget Spell, Divine Exegesis, Renounce Religion


You were on level 4 of the Snake Pit.
You worshipped Sif Muna.
Sif Muna was extremely pleased with you.
You visited 4 branches of the dungeon, and saw 27 of its levels.
You also visited: Ossuary and Bailey.

You collected 2379 gold pieces.
You spent 337 gold pieces at shops.

Inventory:

Jewellery
 f - a ring of protection from magic (right paw)
 m - a +6 ring of dexterity (left paw)
 p - a +6 ring of strength
 r - an uncursed ring of protection from fire
 t - an uncursed ring of stealth
 u - an uncursed ring of magical power
 E - an uncursed amulet of reflection
 G - an uncursed amulet of guardian spirit
 I - an uncursed ring of resist corrosion
 J - an amulet of the acrobat (around neck)
 R - an uncursed ring of protection from magic
Wands
 n - a wand of enslavement (10)
 o - a wand of flame (32)
 q - a wand of iceblast (4)
 C - a wand of paralysis (18)
 D - a wand of acid (17)
 F - a wand of disintegration (48)
 L - a wand of digging (6)
 Q - a wand of polymorph (19)
Scrolls
 d - 3 scrolls of magic mapping
 e - 7 scrolls of vulnerability
 g - a scroll of fog
 h - 6 scrolls of teleportation
 j - 2 scrolls of blinking
 l - 12 scrolls of remove curse
 s - 4 scrolls of summoning
 x - 4 scrolls of amnesia
 y - 5 scrolls of immolation
 B - 6 scrolls of fear
 N - a scroll of silence
 S - 4 scrolls of identify
Potions
 a - 8 potions of curing
 b - 3 potions of haste
 c - 4 potions of ambrosia
 i - a potion of heal wounds
 k - 6 potions of stabbing
 v - 6 potions of flight
 w - 3 potions of resistance
 z - a potion of lignification
 A - 2 potions of mutation
 H - a potion of berserk rage
 K - a potion of invisibility
 M - 3 potions of cancellation
 O - 2 potions of might
 P - a potion of brilliance
Miscellaneous
 T - a phantom mirror


   Skills:
 + Level 10.9 Fighting
 - Level 10.0 Dodging
 - Level 8.4 Stealth
 + Level 13.0 Spellcasting
 - Level 5.3 Conjurations
 * Level 13.3 Summonings
 + Level 11.2 Translocations
 + Level 7.7 Transmutations
 - Level 5.2 Air Magic
 - Level 8.6 Poison Magic


You couldn't memorise any spells.
You knew the following spells:

 Your Spells              Type           Power        Failure   Level
a - Sting                 Tmut/Pois      ####         1%          1
b - Poisonous Vapours     Pois/Air       #####.       1%          2
c - Ignite Poison         Fire/Tmut/Pois #####...     1%          3
d - Mephitic Cloud        Conj/Pois/Air  #####...     1%          3
e - Olgreb's Toxic Radia  Pois           #####...     1%          4
f - Iskenderun's Mystic   Conj/Tloc      #####...     1%          4
g - Summon Demon          Summ           ######....   1%          5
h - Call Canine Familiar  Summ           ######..     1%          3
i - Blink                 Tloc           N/A          1%          2
j - Summon Forest         Summ/Tloc      ######....   1%          5
k - Dispersal             Tloc           ######....   7%          6

Your spell library contained the following spells:

 Spells                   Type           Power        Failure   Level
 Magic Dart               Conj           ####         1%          1
 Call Imp                 Summ           ######..     1%          2
 Passwall                 Tmut/Erth      ####....     1%          2
 Searing Ray              Conj           #####.       1%          2
 Wereblood                Tmut           #####...     1%          2
 Lesser Beckoning         Tloc           ######....   1%          3
 Teleport Other           Tloc           ######..     1%          3
 Passage of Golubria      Tloc           N/A          1%          4
 Summon Lightning Spire   Summ/Air       ######..     1%          4
 Summon Ice Beast         Ice/Summ       #####...     3%          4
 Corona                   Hex            ##.....      4%          1
 Freeze                   Ice            ##..         4%          1
 Sandblast                Erth           ##....       4%          1
 Conjure Flame            Conj/Fire      ###.....     4%          3
 Dazzling Flash           Conj/Hex       ###...       4%          3
 Stone Arrow              Conj/Erth      ###...       4%          3
 Ensorcelled Hibernation  Hex/Ice        ##....       7%          2
 Slow                     Hex            ##......     7%          2
 Irradiate                Conj/Tmut      #####.....   9%          5
 Summon Mana Viper        Hex/Summ       #####...     9%          5
 Petrify                  Tmut/Erth      ####....     10%         4
 Confusing Touch          Hex            ##......     14%         3
 Frozen Ramparts          Ice            ##....       14%         3
 Inner Flame              Hex/Fire       ##......     14%         3
 Ozocubu's Armour         Ice            ##......     14%         3
 Tukima's Dance           Hex            ##......     14%         3
 Fulminant Prism          Conj/Hex       ###.......   16%         4
 Hailstorm                Conj/Ice       ###.....     16%         4
 Lightning Bolt           Conj/Air       #####.....   16%         5
 Monstrous Menagerie      Summ           ######....   17%         7
 Yara's Violent Unravell  Hex/Tmut       ####......   26%         5
 Eringya's Noxious Bog    Tmut/Pois      #####.....   26%         6
 Malign Gateway           Summ/Tloc      ######....   26%         7
 Fireball                 Conj/Fire      ###.......   41%         5
 Animate Dead             Necr           ##........   43%         4
 Cause Fear               Hex            ##........   43%         4
 Leda's Liquefaction      Hex/Erth       ##........   43%         4
 Conjure Ball Lightning   Conj/Air       #####.....   63%         6
 Spellforged Servitor     Conj/Summ      ######....   65%         7
 Borgnjor's Vile Clutch   Necr/Erth      ##........   78%         5
 Lee's Rapid Deconstruct  Erth           ##........   78%         5
 Metabolic Englaciation   Hex/Ice        ##........   78%         5
 Disjunction              Tloc           ######....   97%         8
 Necromutation            Tmut/Necr      ####......   100%        8


Dungeon Overview and Level Annotations

Branches:
Dungeon (15/15)            Temple (0/1) D:6            Lair (6/6) D:9
  Swamp (0/4) Lair:3        Snake (4/4) Lair:3        Slime (0/5) Lair:5
    Orc (2/2) D:12            Elf (0/3) Orc:2        Vaults (0/5) D:13
 Depths (0/5) D:15        Ossuary (visited)          Bailey (visited)

Altars:
Ashenzari
Cheibriados
Dithmenos
Elyvilon
Fedhas
Hepliaklqana
Sif Muna
Vehumet
Xom
Yredelemnul
Beogh
Jiyva

Shops:
D:11 *   D:12 [   Orc:1 ?(**   Snake:3 =

Annotations:
D:4 Grinder
D:5 exclusion: ice beast, Menkaure
D:7 3 runed translucent doors, Gargoyl's ghost, novice GnAK; brk's ghost, novice TrFi; fata's ghost, novice MiFi
D:11 exclusion: downstairs
Lair:2 3 runed translucent doors, DarkMoon's ghost, journeyman DsWz
Lair:3 exclusion: 2 bog bodies
Lair:4 exclusion: hydra
Snake:2 Vashnia
Orc:1 2 runed translucent doors, KennyOmg's ghost, journeyman MiBe
Orc:2 Azrael


Innate Abilities, Weirdness & Mutations

You cannot wear armour.
You are incapable of wielding weapons or throwing items.
Your paws allow you to move quietly. (Stealth)
You have sharp claws.
You have razor-sharp teeth.
You have supernaturally acute eyesight. (SInv)
You cover ground quickly.
Your thick and shaggy fur keeps you warm. (AC +3, rC+)
Your sharp claws are effective at attacking unaware monsters.


Message History

Unknown command.
Casting: Summon Forest (dangerous; 1% risk of failure)
Confirm with . or Enter, or press ? or * to list all spells.
You open a gate to Pandemonium!
A demon appears!
Tree limbs sway around you.
Unknown command.
What are your orders? t - Meow!
Orders for allies: a - Attack new target. r - Retreat! s - Stop attacking. g - Guard the area. f - Follow me.
Anything else - Cancel.
Gang up on whom?
Press: ? - help, Dir - move target cursor, f - nagaraja
Aim: a nagaraja, wearing a +0 robe (severely wounded, fast) Attack!
Your dryad hits the nagaraja. The nagaraja spits poison at you.
The splash of poison hits you!
You are poisoned.
You die...

.≈≈§≈§§....#..#....##...)..#
≈≈§§§≈§§...#....####.#.(([##
≈≈≈≈§≈§≈≈..##..###.....(<##
≈≈≈≈§≈≈§§...##.##.......##
#######§≈≈...♣##..##...##
......###≈§≈..##..##...#
......).##≈≈§..###....##
.........#♣≈≈≈..#♣.(.##
######....##≈≈≈.@##.##
###...##§≈≈..#♣#
##NN.♣♣≈≈.3.# ##.4.#≈N...#
#..hN.R...# ###########


You could see 2 nagarajas, a friendly dryad (summoned) and a friendly sixfirhy
(summoned).

Vanquished Creatures
  5 dire elephants (Lair:6)
  Snorg (D:13)
  Josephine (Lair:6)
  An ogre mage (D:14)
  An ice dragon (Snake:2)
  A centaur warrior (D:14)
  A death knight (D:12)
  3 catoblepae
  7 anacondas
  4 two-headed ogres
  A hydra (Lair:6)
  A tengu warrior (D:15)
  A naga sharpshooter (Snake:4)
  Urug (D:11)
  A fire crab (Lair:5)
  Sonja (Orc:2)
  2 unseen horrors (D:14)
  A deep elf archer (D:14)
  2 lindwurms (Snake:4)
  A necromancer (D:15)
  2 orc knights
  4 manticores
  5 ugly things
  2 orc sorcerers
  A wolf spider (D:14)
  4 cyclopes (D:15)
  A salamander (Snake:3)
  3 black mambas
  8 elephants
  4 cane toads
  5 centaur skeletons
  7 komodo dragons
  A rime drake (Lair:3)
  5 trolls
  A polar bear (Lair:5)
  2 hornets
  15 blink frogs
  Prince Ribbit (Lair:3)
  4 dream sheep (Lair:4)
  A hippogriff (shapeshifter) (D:14)
  9 hippogriffs
  A wraith (Lair:6)
  3 wyverns
  27 yaks
  4 basilisks
  7 humans (D:13)
  A steam dragon (D:8)
  A naga (Snake:1)
  A swamp worm (Lair:3)
  5 water moccasins
  5 porcupines
  15 orc warriors
  6 sky beasts
  An ice beast (D:15)
  A phantom (D:11)
  6 ogres
  4 wolves (Lair:6)
  3 centaurs
  15 crocodiles
  3 big kobolds
  11 bullfrogs
  2 scorpions
  A wyvern skeleton (D:11)
  3 killer bees (D:9)
  4 electric eels
  2 centaur zombies
  3 jellies
  A bullfrog zombie (D:9)
  4 hounds
  18 orc priests
  7 orc wizards
  4 bullfrog skeletons
  3 iguanas
  Ijyb (D:4)
  14 worker ants
  6 big kobold zombies (Ossuary)
  3 hound skeletons
  A mummy (Ossuary)
  A worker ant zombie (D:10)
  3 gnolls (D:9)
  11 adders
  A shadow imp (D:10)
  An ufetubus (D:8)
  An adder skeleton (D:5)
  3 worms
  A dart slug (D:4)
  4 leopard geckos
  71 orcs
  5 bats
  4 giant cockroaches
  6 gnoll zombies (Ossuary)
  12 goblins
  7 hobgoblins
  9 jackals
  24 kobolds
  4 quokkas
  6 ball pythons
  A bat simulacrum (Ossuary)
  11 frilled lizards
  3 goblin simulacra (Ossuary)
  A goblin zombie (Ossuary)
  7 hobgoblin zombies (Ossuary)
  A jackal skeleton (D:7)
  2 kobold simulacra (Ossuary)
  5 kobold zombies (Ossuary)
  A leopard gecko skeleton (D:6)
  5 orc zombies (Ossuary)
  4 rats
534 creatures vanquished.

Vanquished Creatures (collateral kills)
  Saint Roka (Snake:3)
  Rupert (D:13)
  4 nagarajas
  Nessos (D:13)
  An ice dragon (D:14)
  10 naga warriors
  3 hydras
  3 anacondas
  A centaur warrior (D:13)
  An ogre mage (D:14)
  6 shock serpents
  5 naga sharpshooters
  6 skeletal warriors
  3 salamander mystics
  4 naga ritualists
  An unseen horror (D:14)
  2 phantasmal warriors
  An orc sorcerer (Snake:3)
  2 ugly things (D:15)
  9 mana vipers
  6 slime creatures
  5 salamanders
  A frost giant zombie (D:15)
  17 naga magi
  29 black mambas
  5 guardian serpents
  3 cane toads
  2 freezing wraiths
  A troll (Snake:3)
  A meliai (shapeshifter) (D:14)
  An ettin zombie (D:15)
  An ice dragon zombie (D:15)
  3 hippogriffs
  3 bog bodies (Lair:3)
  3 yaks (D:14)
  8 humans (D:13)
  3 shadows
  An ice dragon skeleton (D:15)
  A vampire (D:12)
  3 wraiths
  2 basilisks
  2 wargs
  2 vampire mosquitoes (D:14)
  26 nagas
  2 acid dragons (D:12)
  3 water moccasins
  A hell hound (Orc:2)
  An ice beast (D:14)
  3 orc warriors
  3 ogres
  A crocodile (D:15)
  3 centaurs (D:13)
  A nameless horror (D:12)
  A bullfrog (D:14)
  9 wights
  A quasit (D:12)
  2 orc priests (Snake:3)
  2 adders (Snake:1)
  8 orcs
235 creatures vanquished.

Vanquished Creatures (others)
  An unseen horror (D:13)
  A human (D:13)
  20 fungi
  29 plants
  19 snaplasher vines
  14 withered plants (D:15)
84 creatures vanquished.

Grand Total: 853 creatures vanquished

Notes
Turn   | Place    | Note
-------+----------+-------------------------------------------
     0 | D:1      | Baz the Felid Venom Mage began the quest for the Orb.
     0 | D:1      | Reached XP level 1. HP: 7/7 MP: 4/4
   329 | D:1      | Reached XP level 2. HP: 11/11 MP: 3/6
   361 | D:1      | Learned a level 2 spell: Poisonous Vapours
  1504 | D:2      | Found a shimmering blue altar of Sif Muna.
  1510 | D:2      | Became a worshipper of Sif Muna the Loreminder
  1666 | D:2      | Reached XP level 3. HP: 14/14 MP: 4/7
  2171 | D:2      | Found a shadowy altar of Dithmenos.
  2171 | D:2      | Found a radiant altar of Vehumet.
  2798 | D:3      | Learned a level 3 spell: Ignite Poison
  3196 | D:3      | Found a snail-covered altar of Cheibriados.
  3196 | D:3      | Found a blossoming altar of Fedhas.
  3197 | D:3      | Found a basalt altar of Yredelemnul.
  3239 | D:3      | Reached XP level 4. HP: 18/18 MP: 5/8
  3481 | D:4      | Reached * piety under Sif Muna
  3873 | D:4      | Reached XP level 5. HP: 7/21 MP: 2/10
  4152 | D:4      | Noticed an ogre
  4185 | D:4      | Killed an ogre
  4422 | D:4      | Gained mutation: You are covered in thick fur. (AC +2)
                  | [Felid growth]
  4422 | D:4      | Reached XP level 6. HP: 24/24 MP: 4/12
  4615 | D:4      | Noticed Grinder
  4749 | D:4      | Noticed Ijyb
  4765 | D:4      | Killed Ijyb
  5039 | D:5      | Entered Level 5 of the Dungeon
  5177 | D:4      | Learned a level 3 spell: Mephitic Cloud
  5420 | D:5      | Noticed an ice beast
  5533 | D:5      | Reached skill level 5 in Stealth
  5533 | D:5      | Reached XP level 7. HP: 27/27 MP: 8/14
  5717 | D:5      | Reached skill level 1 in Air Magic
  5717 | D:5      | Reached skill level 5 in Poison Magic
  5787 | D:5      | Learned a level 4 spell: Olgreb's Toxic Radiance
  6965 | D:5      | Reached ** piety under Sif Muna
  7262 | D:5      | Noticed Menkaure
  7555 | D:6      | Reached skill level 5 in Spellcasting
  7588 | D:6      | Found a sand-covered staircase.
  7719 | Ossuary  | Entered an ossuary
  9122 | Ossuary  | Reached XP level 8. HP: 24/31 MP: 1/16
 10527 | D:6      | Found a staircase to the Ecumenical Temple.
 10539 | D:6      | Reached *** piety under Sif Muna
 12090 | D:7      | Found a shadowy altar of Dithmenos.
 12250 | D:7      | Found a flagged portal.
 12352 | Bailey   | Entered a bailey
 12355 | Bailey   | Noticed an orc knight
 12359 | Bailey   | Killed an orc knight
 12359 | Bailey   | Reached XP level 9. HP: 30/34 MP: 11/19
 12516 | D:7      | Upgraded the game from 0.26-a0-651-gb41185065b to
                  | 0.26-a0-652-gafc20e3620
 13114 | D:7      | Found a runed translucent gate.
 13114 | D:7      | Found a runed translucent gate.
 13114 | D:7      | Found a runed translucent gate.
 13117 | D:7      | Noticed brk's ghost (novice TrFi)
 13117 | D:7      | Noticed fata's ghost (novice MiFi)
 13117 | D:7      | Noticed Gargoyl's ghost (novice GnAK)
 13565 | D:7      | Reached **** piety under Sif Muna
 14693 | D:9      | Found a white marble altar of Elyvilon.
 15129 | D:9      | Noticed a troll
 15135 | D:9      | Killed a troll
 15135 | D:9      | Reached skill level 1 in Fighting
 15290 | D:9      | Found a hazy altar of Hepliaklqana.
 15462 | D:9      | Found a broken altar of Ashenzari.
 15579 | D:9      | Reached XP level 10. HP: 27/39 MP: 20/23
 16018 | D:9      | Found a staircase to the Lair.
 16141 | Lair:1   | Entered Level 1 of the Lair of Beasts
 16242 | Lair:1   | Noticed a cane toad
 16253 | Lair:1   | Reached skill level 5 in Air Magic
 16268 | Lair:1   | Killed a cane toad
 16785 | Lair:1   | Noticed a cane toad
 16809 | Lair:1   | Killed a cane toad
 16941 | Lair:1   | Reached skill level 1 in Conjurations
 17931 | Lair:2   | Noticed a black mamba
 18084 | Lair:2   | Found a runed translucent gate.
 18085 | Lair:2   | Found a runed translucent gate.
 18086 | Lair:2   | Found a runed translucent gate.
 18087 | Lair:2   | Noticed a cane toad
 18088 | Lair:2   | Noticed a black mamba
 18088 | Lair:2   | Noticed DarkMoon's ghost (journeyman DsWz)
 18171 | Lair:2   | Noticed a black mamba
 18186 | Lair:2   | HP: 2/42 [black mamba (12)]
 18186 | Lair:2   | Slain by a black mamba
 18187 | Lair:2   | Reached XP level 9. HP: -3/39 MP: 26/32
 18197 | Lair:2   | Killed a black mamba
 18197 | Lair:2   | Reached XP level 10. HP: 34/42 MP: 24/24
 18361 | Lair:2   | Killed a black mamba
 19476 | D:10     | Entered Level 10 of the Dungeon
 19832 | D:10     | Reached skill level 5 in Dodging
 19984 | D:10     | Reached ***** piety under Sif Muna
 20548 | D:11     | Learned a level 4 spell: Iskenderun's Mystic Blast
 20596 | D:11     | Identified Sif Muna's Collected Works on Creation (Sif Muna
                  | gifted it to you on level 11 of the Dungeon)
 20596 | D:11     | Received a gift from Sif Muna
 20624 | D:11     | Learned a level 5 spell: Summon Demon
 20636 | D:11     | Reached skill level 1 in Translocations
 20636 | D:11     | Reached skill level 1 in Summonings
 20806 | D:11     | Noticed a white ugly thing
 20812 | D:11     | Killed a white ugly thing
 20812 | D:11     | Reached skill level 10 in Spellcasting
 20812 | D:11     | Reached XP level 11. HP: 46/46 MP: 21/26
 20920 | D:11     | Noticed a two-headed ogre
 20934 | D:11     | Killed a two-headed ogre
 21123 | D:11     | Reached skill level 5 in Fighting
 21433 | D:11     | Found Wepra's Assorted Antiques.
 21436 | D:11     | Bought a scroll labeled BUTRU RICUO for 25 gold pieces
 21436 | D:11     | Bought a scroll of identify for 50 gold pieces
 21436 | D:11     | Bought a scroll labeled IGEAVOUFITZ for 25 gold pieces
 21463 | D:11     | Noticed Urug
 21471 | D:11     | Killed Urug
 21471 | D:11     | Reached skill level 5 in Conjurations
 21721 | D:12     | Noticed a brown ugly thing
 21727 | D:12     | Killed a brown ugly thing
 21732 | D:12     | Noticed a two-headed ogre
 21738 | D:12     | Killed a two-headed ogre
 21882 | D:12     | Noticed a phantasmal warrior
 21897 | D:12     | Noticed a death knight
 22127 | D:12     | Noticed a skeletal warrior
 22128 | D:12     | Killed a death knight
 22128 | D:12     | Reached skill level 5 in Translocations
 22734 | Lair:3   | Noticed Prince Ribbit
 22742 | Lair:3   | Killed Prince Ribbit
 23023 | Lair:3   | Gained mutation: Your thick and shaggy fur keeps you warm.
                  | (AC +3, rC+) [Felid growth]
 23023 | Lair:3   | Reached XP level 12. HP: 52/52 MP: 15/27
 23150 | Lair:3   | Learned a level 3 spell: Call Canine Familiar
 23199 | Lair:3   | Reached skill level 5 in Summonings
 23433 | Lair:3   | Found a staircase to the Snake Pit.
 24029 | Lair:3   | Found a staircase to the Swamp.
 24346 | Lair:4   | Noticed a seven-headed hydra
 25141 | Lair:4   | Identified Sif Muna's Disquisition on Feathery Dislocation
                  | (Sif Muna gifted it to you on level 4 of the Lair of
                  | Beasts)
 25141 | Lair:4   | Received a gift from Sif Muna
 25146 | Lair:4   | Learned a level 2 spell: Blink
 25170 | Lair:4   | Learned a level 5 spell: Summon Forest
 25750 | Lair:5   | Noticed a catoblepas
 25761 | Lair:5   | Killed a catoblepas
 26276 | Lair:5   | Mangled by a black mamba
 26277 | Lair:5   | Reached XP level 11. HP: -7/49 MP: 16/35
 26423 | Lair:5   | Found a staircase to the Slime Pits.
 26424 | Lair:5   | Found a viscous altar of Jiyva.
 26696 | Lair:5   | Noticed a fire crab
 26706 | Lair:5   | Killed a fire crab
 26832 | Lair:6   | Entered Level 6 of the Lair of Beasts
 26999 | Lair:6   | Noticed Josephine
 27231 | Lair:6   | Reached XP level 12. HP: 38/54 MP: 17/28
 27357 | Lair:6   | Killed Josephine
 27645 | Lair:6   | Noticed a seven-headed hydra
 27657 | Lair:6   | Killed a seven-headed hydra
 28056 | Lair:6   | Found a shadowy altar of Dithmenos.
 28101 | Lair:6   | Noticed a catoblepas
 28118 | Lair:6   | Killed a catoblepas
 29073 | Lair:6   | Noticed an anaconda
 29080 | Lair:6   | Killed an anaconda
 29173 | Lair:6   | Noticed a dire elephant
 29173 | Lair:6   | Noticed a dire elephant
 29202 | Lair:6   | Noticed a dire elephant
 29209 | Lair:6   | Noticed a dire elephant
 29214 | Lair:6   | Killed a dire elephant
 29234 | Lair:6   | Killed a dire elephant
 29310 | Lair:6   | Noticed a dire elephant
 29319 | Lair:6   | Killed a dire elephant
 29544 | Lair:6   | Killed a dire elephant
 29544 | Lair:6   | Reached skill level 10 in Dodging
 29744 | Lair:6   | Killed a dire elephant
 30806 | D:12     | Identified Sif Muna's Second Course in Sorcery (Sif Muna
                  | gifted it to you on level 12 of the Dungeon)
 30806 | D:12     | Received a gift from Sif Muna
 30836 | D:12     | Found Bacezune's Armour Shop.
 30863 | D:12     | Found a staircase to the Orcish Mines.
 30897 | D:12     | Reached XP level 13. HP: 58/58 MP: 29/29
 30995 | D:12     | Found a roughly hewn altar of Beogh.
 31207 | Orc:1    | Entered Level 1 of the Orcish Mines
 31601 | Orc:1    | Found Cux Haj's General Store.
 31612 | Orc:1    | Bought a scroll of identify for 34 gold pieces
 31620 | Orc:1    | Found Joengut's Weapon Shop.
 31620 | Orc:1    | Found Efest's Magic Scroll Emporium.
 31620 | Orc:1    | Found a large runed translucent door.
 31620 | Orc:1    | Found a large runed translucent door.
 31634 | Orc:1    | Noticed KennyOmg's ghost (journeyman MiBe)
 31636 | Orc:1    | Bought a scroll of random uselessness for 14 gold pieces
 31636 | Orc:1    | Bought a scroll of summoning for 133 gold pieces
 31636 | Orc:1    | Bought a scroll of identify for 28 gold pieces
 31636 | Orc:1    | Bought a scroll of identify for 28 gold pieces
 31655 | Orc:1    | Found Hecysk's Assorted Antiques.
 31759 | Orc:2    | Entered Level 2 of the Orcish Mines
 31759 | Orc:2    | Noticed Sonja
 31762 | Orc:2    | Killed Sonja
 31986 | Orc:2    | Found a staircase to the Elven Halls.
 32011 | Orc:2    | Noticed Azrael
 32245 | D:13     | Found a gate to the Vaults.
 32245 | D:13     | Noticed Nessos
 32283 | D:13     | Noticed Rupert
 32294 | D:13     | Killed Rupert
 32294 | D:13     | Reached skill level 10 in Translocations
 32364 | D:13     | Killed Nessos
 32364 | D:13     | Noticed Snorg
 32383 | D:13     | Killed Snorg
 32917 | D:13     | Reached skill level 10 in Summonings
 34196 | D:14     | Identified Arept's Disquisition on Shifting Translocation
                  | (Sif Muna gifted it to you on level 14 of the Dungeon)
 34196 | D:14     | Received a gift from Sif Muna
 35400 | D:14     | Reached XP level 14. HP: 49/64 MP: 16/31
 35677 | D:15     | Entered Level 15 of the Dungeon
 36519 | D:15     | Found a staircase to the Depths.
 36528 | D:15     | Reached skill level 5 in Transmutations
 37920 | Snake:1  | Entered Level 1 of the Snake Pit
 38231 | Snake:1  | Found a shimmering altar of Xom.
 38704 | Snake:1  | Found a runed translucent gate.
 38704 | Snake:1  | Found a runed translucent gate.
 38710 | Snake:1  | Found a runed translucent gate.
 39370 | Snake:2  | Noticed Vashnia
 39584 | Snake:1  | Reached skill level 10 in Fighting
 40743 | Snake:3  | Identified Sif Muna's Almanac of Poisoning and Attacks (Sif
                  | Muna gifted it to you on level 3 of the Snake Pit)
 40743 | Snake:3  | Received a gift from Sif Muna
 40752 | Snake:3  | Learned a level 6 spell: Dispersal
 41262 | Snake:3  | Noticed a nagaraja
 41524 | Snake:3  | Killed a nagaraja
 41580 | Snake:3  | Noticed Saint Roka
 41598 | Snake:3  | Killed Saint Roka
 41975 | Snake:3  | Found Kehues's Jewellery Emporium.
 42078 | Snake:3  | Slain by a black mamba
 42079 | Snake:3  | Reached XP level 13. HP: -2/62 MP: 11/30
 42123 | Snake:3  | Noticed a nagaraja
 42125 | Snake:3  | Reached XP level 14. HP: 66/66 MP: 25/31
 42149 | Snake:3  | Killed a nagaraja
 43015 | Snake:4  | Entered Level 4 of the Snake Pit
 43067 | Snake:3  | HP: 1/66 [shock serpent/bolt of electricity (28)]
 43076 | Snake:3  | Killed from afar by a shock serpent
 43077 | Snake:3  | Reached XP level 13. HP: 1/62 MP: 8/30
 45285 | Snake:4  | Identified Sif Muna's Volume of Dark Rites and Bewitchment
                  | (Sif Muna gifted it to you on level 4 of the Snake Pit)
 45285 | Snake:4  | Received a gift from Sif Muna
 45826 | Snake:4  | Noticed a nagaraja
 45846 | Snake:4  | Killed a nagaraja
 46004 | Snake:4  | Noticed a nagaraja
 46246 | Snake:4  | Killed a nagaraja
 46398 | Snake:4  | Noticed a nagaraja
 46398 | Snake:4  | Noticed a nagaraja
 46429 | Snake:4  | Killed from afar by a nagaraja

Illustrated notes

Levels and vault maps discovered:
D:1:      ncdulo_wetmaze, layout_basic, minmay_misc_feat_pillars,
          roderic_lattice_a, lemuel_another_geyser
D:2:      layout_loops_ring, led_sif_pool, gammafunk_temple_overflow_statue,
          chequers_decorated_corner, minmay_tetromino_i4
D:3:      layout_basic, gammafunk_temple_overflow_claw
D:4:      layout_gridville, uniq_ijyb, uniq_grinder
D:5:      minmay_opposing_rooms, layout_basic, nicolae_overflow_hidden_temple,
          uniq_menkaure
D:6:      layout_basic, minmay_temple_entry_mini_moons,
          nicolae_ossuary_entry_false_entrances
D:7:      layout_loops_corners, gammafunk_ghost_cemetery, enter_bailey_3,
          nicolae_dithmenos_through_a_glass_darkly
D:8:      layout_cave_pools
D:9:      layout_irregular_city, ashenzari_altar_1, marbit_many_paths,
          old_standard_altar, lair_entry_dummy
D:10:     layout_roguey, kennysheep_generic_room_6
D:11:     layout_roguey [special_room_orc], serial_shops,
          nicolae_shop_behind_doors, uniq_urug
D:12:     layout_rooms, minmay_orc_entry_temple_small, serial_shops,
          nicolae_shop_stone
D:13:     layout_roguey, david_vaults_3, minmay_misc_feat_rows, uniq_rupert,
          uniq_snorg
D:14:     layout_basic, hangedman_decor_points, minivault_28
D:15:     gammafunk_depths_entry_grave, layout_basic
Lair:1:   layout_small_grid, grunt_megastairs_1
Lair:2:   layout_cave_pods, gammafunk_ghost_split, serial_bayou_ford_a
Lair:3:   layout_regular_city, nicolae_swamp_entry_splash_gauntlet,
          dummy_snake_entry, minmay_stone_trees_small, uniq_prince_ribbit2
Lair:4:   layout_cellular_growth
Lair:5:   layout_gridlike, slime_altar_1
Lair:6:   due_jungle_book, layout_regular_city, basic_altar, uniq_josephine
Snake:1:  skrybe_snakes_to_sticks, layout_gridlike, nicolae_snake_single_loop,
          hangedman_snake_pattern, nicolae_snake_horde_hoard
Snake:2:  layout_rooms, portal_ice_cave_entry_dragon, uniq_vashnia
Snake:3:  layout_misc_corridors, serial_shops, nicolae_shop_behind_doors,
          uniq_saint_roka
Snake:4:  snake_pit_salamanders_mu, layout_onion_interference, drop_trap
Orc:1:    layout_caves, ebering_ghost_disaster_area, serial_shops,
          nicolae_shop_temple_entry_statues_fountains, shop_fountains, shop,
          shop
Orc:2:    pf_orc_diabolical, layout_diamond_mine, uniq_sonja, uniq_azrael

Skill      XL: |  1  2  3  4  5  6  7  8  9 10 11 12 13 14 |
---------------+-------------------------------------------+-----
Stealth        | 3 4 5 6 7 8 |  8.4
Poison Magic   | 3 4 5 7 8 |  8.6
Transmutations | 2 3 4 7 |  7.7
Spellcasting   | 3 4 5 6 8 10 11 13 | 13.0
Air Magic      | 2 3 4 5 |  5.2
Fighting       | 4 3 7 8 9 10 | 10.9
Dodging        | 5 9 10 | 10.0
Conjurations   | 4 5 |  5.3
Translocations | 2 8 9 11 | 11.2
Summonings     | 1 7 9 13 12 | 13.3

Action                   |  1- 3 |  4- 6 |  7- 9 | 10-12 | 13-15 || total
-------------------------+-------+-------+-------+-------+-------++-------
Melee: Unarmed           |     2 |       |    78 |    53 |    37 ||   170
       Bite              |     1 |       |    14 |     5 |     8 ||    28
 Cast: Sting             |    89 |    53 |   282 |    47 |    21 ||   492
       Poisonous Vapours |     2 |    30 |   145 |   224 |   139 ||   540
       Ignite Poison     |       |       |    28 |   117 |    57 ||   202
       Mephitic Cloud    |       |       |    18 |    19 |    12 ||    49
       Olgreb's Toxic Ra |       |       |     1 |    59 |    22 ||    82
       Iskenderun's Myst |       |       |       |    27 |    36 ||    63
       Call Canine Famil |       |       |       |    31 |    10 ||    41
       Summon Forest     |       |       |       |    10 |    41 ||    51
       Summon Demon      |       |       |       |     7 |   123 ||   130
       Blink             |       |       |       |     2 |     5 ||     7
Evoke: Wand              |       |       |    19 |       |     1 ||    20
  Use: Scroll            |     4 |       |     8 |    15 |    13 ||    40
       Potion            |       |       |       |     6 |     6 ||    12
 Stab: Sleeping          |       |       |     3 |     2 |       ||     5
       Distracted        |       |       |       |       |     2 ||     2
Armor: Skin              |     4 |       |    24 |     8 |    14 ||    50
Dodge: Dodged            |    31 |    14 |   212 |   183 |   401 ||   841
Block: Other             |       |       |     2 |    23 |       ||    25
       Reflection        |       |       |     1 |       |       ||     1

Table legend: (Time is in decaauts)
 A = Elapsed time spent in this place.
 B = Non-inter-level travel time spent in this place.
 C = Inter-level travel time spent in this place.
 D = Time resting spent in this place.
 E = Time spent auto-exploring this place.
 F = Levels seen in this place.
 G = Mean time per level.
                   A        B        C        D        E       F      G
               +--------+--------+--------+--------+--------+-----+--------+
         Total |  42641 |  41632 |   1009 |  22832 |   9576 |  29 | 1470.4 |
       Dungeon |  21314 |  20846 |    468 |  10740 |   5863 |  15 | 1420.9 |
          Lair |   9964 |   9631 |    333 |   4851 |   2836 |   6 | 1660.7 |
     Snake Pit |   8007 |   7835 |    172 |   4977 |    724 |   4 | 2001.8 |
  Orcish Mines |    774 |    740 |     34 |    457 |    138 |   2 |  387.0 |
       Ossuary |   2571 |   2571 |      0 |   1806 |     13 |   1 | 2571.0 |
        Bailey |      9 |      9 |      0 |      0 |      0 |   1 |    9.0 |
               +--------+--------+--------+--------+--------+-----+--------+

Top non-repeatable levels by time:
 Snake:3: 2808 daAuts
  Lair:6: 2655 daAuts
 Ossuary: 2571 daAuts
 Snake:4: 2515 daAuts
 Snake:1: 2055 daAuts
    D:15: 1954 daAuts
     D:5: 1932 daAuts
     D:4: 1931 daAuts
  Lair:1: 1739 daAuts
    D:11: 1726 daAuts
  Lair:3: 1722 daAuts
    D:14: 1687 daAuts
     D:6: 1657 daAuts
     D:9: 1533 daAuts
     D:7: 1490 daAuts
